 Dungeon Crawl Stone Soup version 0.31-a0-66-ge618eeaa78 (webtiles) character file.

Game seed: 14076028454419147625

32482 Jeffwins the Carver (level 13, 0/172 HPs)
             Began as an Armataur Monk on May 22, 2023.
             Was an Initiate of Gozag.
             Succumbed to a black mamba's poison
             ... on level 3 of the Lair of Beasts.
             The game lasted 00:30:51 (13141 turns).

Jeffwins the Carver (Armataur Monk)                Turns: 13141, Time: 00:30:52

Health: 0/172      AC: 26    Str: 20    XL:     13   Next: 31%
Magic:  22/22      EV:  6    Int: 22    God:    Gozag
Gold:   1675       SH:  9    Dex: 11    Spells: 21/24 levels left

rFire   . . .        a - +10 long sword of Internal Strife {heavy, Fly rPois Str+2}
rCold   . . .        N - +0 kite shield
rNeg    . . .        k - +4 ring mail of Charity {Str+2 Slay+3}
rPois   +            S - +0 helmet
rElec   .            D - +0 cloak
rCorr   .            o - +0 pair of gloves
SInv    .            B - +0 barding
Will    +....        g - amulet of regeneration Stlth
                     O - +4 ring of protection
HPRegen 1.28/turn    z - ring of willpower
MPRegen 0.18/turn

%: roll
@: berserking, lethally poisoned (0 -> -46), gold aura, flying, very quick
A: large, rugged brown scales 3, deformed body, armoured tail, roll, long
tongue, awkward tongue, clever 2, shaggy fur 1
a: Renounce Religion, Potion Petition, Call Merchant, Bribe Branch


You were on level 3 of the Lair of Beasts.
You worshipped Gozag.
Gozag was most pleased with you.
You visited 3 branches of the dungeon, and saw 15 of its levels.
You visited 1 bazaar.
You also visited: Sewer, Ossuary and Bailey.

You collected 3642 gold pieces.
You spent 1967 gold pieces at shops.


Innate Abilities, Weirdness & Mutations

You are completely covered in rugged brown scales. (AC +3, +7% HP)
Armour fits poorly on your strangely shaped body.
You have a long armoured tail.
You roll when moving toward enemies. (Rampage)
Your long tongue fully drains potion bottles. (2x potion effects)
Your tongue gives you trouble enunciating. (1.5x scroll delay)
Your mind is very acute. (Int +8, Str/Dex -2)
You are covered in fur. (AC +1)


   Skills:
 + Level 8.4 Fighting
 * Level 13.7 Long Blades
 - Level 3.0 Maces & Flails
 + Level 7.3 Throwing
 + Level 9.2 Armour
 - Level 2.1 Dodging
 + Level 5.8 Stealth
 + Level 5.0 Shields
 + Level 6.4 Spellcasting
 + Level 2.2 Translocations
 + Level 2.0 Air Magic


You had 21 spell levels left.
You knew the following spells:

 Your Spells              Type           Power      Damage    Failure   Level
z - Vhi's Electric Charg  Tloc/Air       24%        N/A       47%         3

Your spell library contained the following spells:

 Spells                   Type           Power      Damage    Failure   Level
 Portal Projectile        Hex/Tloc       16%        N/A       63%         3
 Volatile Blastmotes      Fire/Tloc      16%        2d11      63%         3
 Call Canine Familiar     Summ           7%         N/A       67%         3
 Dazzling Flash           Conj/Hex       6%         N/A       78%         3
 Summon Guardian Golem    Hex/Summ       3%         N/A       78%         3
 Iskenderun's Mystic Bla  Conj/Tloc      8%         2d4       95%         4
 Leda's Liquefaction      Hex/Erth       1%         N/A       99%         4
 Metabolic Englaciation   Hex/Ice        1%         N/A       100%        5
 Starburst                Conj/Fire      1%         6d3       100%        6
 Storm Form               Tmut/Air       4%         N/A       100%        7

Inventory:

Hand Weapons
 a - the +10 long sword of Internal Strife (weapon) {heavy, Fly rPois Str+2}
   (You bought it in a shop on level 1 of the Dungeon)

   Str:       It affects your strength (+2).
   rPois:     It protects you from poison.
   Fly:       It grants you flight.
 b - a +3 scimitar of flaming
 l - a +2 short sword of venom
Missiles
 I - 7 poisoned darts (quivered)
 L - a throwing net {=f}
 U - a curare-tipped dart {=f}
Armour
 k - the +4 ring mail of Charity (worn) {Str+2 Slay+3}
   (You found it on level 11 of the Dungeon)

   Str:       It affects your strength (+2).
   Slay:      It affects your accuracy & damage with ranged weapons and melee
   (+3).
 o - a +0 pair of gloves (worn)
 B - a +0 barding (worn)
 D - a +0 cloak (worn)
 N - a +0 kite shield (worn)
 S - a +0 helmet (worn)
Jewellery
 g - an amulet of regeneration (around neck)
 z - a ring of willpower (right hand)
 E - an amulet of magic regeneration
 O - a +4 ring of protection (left hand)
 R - a ring of resist corrosion
Wands
 A - a wand of light (6)
 M - a wand of paralysis (16)
 P - a wand of polymorph (5)
 T - a wand of digging (11)
 V - a wand of flame (12)
 X - a wand of iceblast (13)
Scrolls
 e - 4 scrolls of amnesia
 h - a scroll of torment {!r}
 j - 4 scrolls of poison
 m - a scroll of fog
 n - 4 scrolls of fear
 r - a scroll of vulnerability {!r}
 v - a scroll of immolation {!r}
 w - 5 scrolls of teleportation {@r4}
 x - 5 scrolls of enchant armour
 y - 8 scrolls of enchant weapon
 C - 10 scrolls of blinking
 K - 3 scrolls of summoning
 Q - 2 scrolls of magic mapping
 W - 4 scrolls of identify {@r1}
Potions
 c - a potion of ambrosia
 f - a potion of resistance
 i - 5 potions of curing {@q1}
 p - 3 potions of magic
 q - 8 potions of haste {@q3}
 s - a potion of invisibility
 t - 2 potions of attraction {!q}
 u - 7 potions of enlightenment
 F - 4 potions of might
 G - 5 potions of heal wounds {@q2}
 H - a potion of cancellation
 J - a potion of mutation {!q}
 Z - 3 potions of brilliance
Miscellaneous
 Y - a piece from Xom's chessboard (15/15)

Dungeon Overview and Level Annotations

Branches:
Dungeon (11/15)            Temple (1/1) D:4            Lair (3/5) D:11
  Snake (0/4) Lair:3          Orc (0/2) D:10          Sewer (visited)
Ossuary (visited)          Bailey (visited)
  Swamp: Lair:2-3    Shoals: Lair:2-3

Altars:
Ashenzari
Cheibriados
Dithmenos
Elyvilon
Fedhas
Gozag
Hepliaklqana
Kikubaaqudgha
Makhleb
Nemelex Xobeh
Okawaru
Qazlal
Ru
Sif Muna
Trog
Uskayaw
Vehumet
Xom
Yredelemnul
Zin
The Shining One

Shops:
D:1 (

Annotations:
Temple 2 transporters

.............## #...#
..........P#.## #...#
#....>.....#..####..##
#........###..##.#.##
#........#....#....#
###....##.........##
#..###....#..S#S#
##P###.......S#S#
###P....<..#S@##
##..#..####...####
##..##### #).....#
####...# ##....##
..##..## ##....# #
#.#.### ##...## ##P#
.#.## #....##...###
#.#.## ###..#.......
..##.# ##.........


You could see 3 black mambas and 2 water moccasins.


Message History

You block the black mamba's attack. You block the water moccasin's attack.
The black mamba bites you but does no damage.
The black mamba bites you!
* * * LOW HITPOINT WARNING * * *
You are more poisoned.
The black mamba poisons you!
The water moccasin bites you but does no damage.
You slice the black mamba!!
The black mamba is heavily wounded.
You feel extremely sick. The black mamba barely misses you.
The black mamba bites you but does no damage.
The black mamba bites you!
* * * LOW HITPOINT WARNING * * *
The water moccasin bites you but does no damage.
You closely miss the black mamba.
The black mamba is heavily wounded.
* * * LOW HITPOINT WARNING * * *
You feel extremely sick. The black mamba bites you!
* * * LOW HITPOINT WARNING * * *
You are more poisoned.
The black mamba poisons you! The black mamba barely misses you.
The water moccasin bites you.
* * * LOW HITPOINT WARNING * * *
The black mamba bites you but does no damage.
You miss the black mamba.
Your tail-slap misses the black mamba.
The black mamba is heavily wounded.
You die...
Your body crumbles into a pile of gold.

Skill      XL: |  1  2  3  4  5  6  7  8  9 10 11 12 13 |
---------------+----------------------------------------+-----
Maces & Flails | 3 |  3.0
Stealth        | 1 2 3 4 5 |  5.8
Fighting       | 3 4 6 7 8 |  8.4
Long Blades    | 1 2 3 4 6 9 12 13 | 13.7
Armour         | 6 7 8 9 |  9.2
Throwing       | 5 6 7 |  7.3
Spellcasting   | 4 5 6 |  6.4
Shields        | 2 4 5 |  5.0
Translocations | 1 2 |  2.2
Air Magic      | 1 2 |  2.0
Dodging        | |  2.1

Action                     |  1- 3 |  4- 6 |  7- 9 | 10-12 | 13-15 || total
---------------------------+-------+-------+-------+-------+-------++-------
  Melee: Mace              |   113 |   112 |   358 |   106 |       ||   689
         Tailslap          |    11 |    17 |    51 |    80 |    24 ||   183
         Long sword        |       |       |       |   332 |   113 ||   445
  Throw: Dart              |       |       |     1 |     7 |       ||     8
         Throwing net      |       |       |       |     1 |       ||     1
   Cast: Vhi's Electric Ch |       |       |       |       |     1 ||     1
  Evoke: Wand              |       |       |       |     2 |       ||     2
    Use: Scroll            |       |     5 |     6 |     8 |       ||    19
         Potion            |       |       |    15 |     1 |     1 ||    17
   Stab: Distracted        |       |       |     3 |     3 |     2 ||     8
         Sleeping          |       |       |     2 |     2 |       ||     4
         Held in net/web   |       |       |       |     3 |       ||     3
 Armour: Robe              |    70 |       |       |       |       ||    70
         Ring mail         |    10 |    59 |   228 |   308 |   154 ||   759
         Skin              |       |       |    38 |       |       ||    38
  Dodge: Dodged            |    86 |    47 |   175 |   174 |    57 ||   539
  Block: Kite shield       |       |       |       |       |    34 ||    34

Levels and vault maps discovered:
D:1:      tarquinn_simple_flora_water_d, layout_basic, serial_shops,
          nicolae_shop_back_alley_shop
D:2:      layout_rooms, st_stairs_5
D:3:      layout_rooms
D:4:      layout_loops_ring, minmay_temple_entry_gardened_gates
D:5:      layout_loops_ring, enter_ossuary_5
D:6:      layout_cave_pods, yredelemnul_altar_generic, portal_sewer_entry_b,
          uniq_grinder
D:7:      layout_basic, uniq_duvessa
D:8:      layout_loops_cross, kennysheep_little_box, enter_bailey_4,
          minmay_chambers_of_fives
D:9:      cheibrodos_steamvent, layout_loops_cross, cheibrodos_worm_habitat,
          minmay_fire_ice_demons, uniq_maggie, uniq_joseph, uniq_erolcha
D:10:     layout_basic, erik_orc_1, uniq_erica
D:11:     layout_cave_pods, erik_lair_island, serial_shops, statue_bzr,
          hangedman_abyss_or_decor_passed, uniq_urug
Temple:   hellmonk_temple_divided_pantheon
Lair:1:   layout_chaotic_city, grunt_megastairs_5
Lair:2:   beast_lair_carwin_large_4, layout_cellular_growth, basic_altar
Lair:3:   layout_cave_pods, swamp_mist, minmay_snake_entry_six_corridors,
          grunt_forest_small_clearing_treed, lemuel_fruit_tree, uniq_snorg

Notes
Turn   | Place    | Note
-------+----------+-------------------------------------------
     0 | D:1      | Jeffwins the Armataur Monk began the quest for the Orb.
     0 | D:1      | Reached XP level 1. HP: 19/19 MP: 1/1
   300 | D:1      | Reached skill level 3 in Maces & Flails
   406 | D:1      | Reached XP level 2. HP: 26/26 MP: 2/2
   592 | D:1      | Found Jucumeh's Weapon Shoppe.
   912 | D:2      | Reached skill level 1 in Stealth
  1043 | D:2      | Reached skill level 3 in Fighting
  1043 | D:2      | Reached skill level 1 in Long Blades
  1043 | D:2      | Reached XP level 3. HP: 33/33 MP: 3/3
  1638 | D:3      | Reached XP level 4. HP: 40/40 MP: 4/4
  1648 | D:3      | Reached skill level 2 in Long Blades
  1648 | D:3      | Reached skill level 2 in Stealth
  1961 | D:4      | Noticed a scorpion
  2063 | D:3      | Killed a scorpion
  2064 | D:3      | Reached XP level 5. HP: 40/48 MP: 5/5
  2162 | D:4      | Found a staircase to the Ecumenical Temple.
  2168 | D:4      | Reached skill level 3 in Long Blades
  2180 | Temple   | Entered the Ecumenical Temple
  2180 | Temple   | Found a transporter.
  2180 | Temple   | Found a transporter.
  2182 | Temple   | Found a transporter.
  2182 | Temple   | Found a transporter.
  2202 | Temple   | Became a worshipper of Gozag Ym Sagoz the Greedy
  2253 | D:4      | Reached skill level 3 in Stealth
  2709 | D:4      | Reached XP level 6. HP: 41/55 MP: 6/6
  2880 | D:4      | Reached skill level 4 in Fighting
  3058 | D:5      | Entered Level 5 of the Dungeon
  3076 | D:5      | Reached skill level 4 in Long Blades
  3076 | D:5      | Reached skill level 4 in Stealth
  3231 | D:5      | Reached XP level 7. HP: 47/63 MP: 7/7
  3470 | D:5      | Found a sand-covered staircase.
  3474 | Ossuary  | Entered an ossuary
  3652 | Ossuary  | Reached skill level 5 in Long Blades
  3667 | Ossuary  | Reached skill level 5 in Stealth
  3673 | Ossuary  | HP: 6/63 [bog mummy/puff of frost (9)]
  3676 | Ossuary  | Identified a potion of resistance
  3693 | Ossuary  | Reached skill level 6 in Long Blades
  3693 | Ossuary  | HP: 5/63 [bullfrog zombie (5)]
  3922 | Ossuary  | Reached XP level 8. HP: 17/70 MP: 8/8
  4150 | Ossuary  | Reached skill level 7 in Long Blades
  4577 | Ossuary  | Reached skill level 8 in Long Blades
  5185 | D:6      | Found a basalt altar of Yredelemnul.
  5203 | D:6      | Reached skill level 9 in Long Blades
  5243 | D:6      | Found a glowing drain.
  5266 | Sewer    | Entered a sewer
  5357 | Sewer    | Reached XP level 9. HP: 72/75 MP: 9/9
  5383 | Sewer    | Found a glowing silver altar of Zin.
  5633 | D:6      | Noticed Grinder
  5642 | D:6      | You fall into a shaft and drop 2 floors!
  5697 | D:8      | Reached skill level 1 in Armour
  5707 | D:8      | Reached skill level 1 in Throwing
  5858 | D:8      | Found a flagged portal.
  5873 | D:8      | Reached skill level 1 in Spellcasting
  5925 | Bailey   | Entered a bailey
  6057 | Bailey   | Reached skill level 2 in Armour
  6146 | Bailey   | Noticed an orc knight
  6155 | Bailey   | Reached skill level 6 in Fighting
  6155 | Bailey   | Reached skill level 12 in Long Blades
  6155 | Bailey   | Reached skill level 5 in Throwing
  6155 | Bailey   | Reached skill level 6 in Armour
  6155 | Bailey   | Reached skill level 4 in Spellcasting
  6155 | Bailey   | Reached XP level 10. HP: 89/89 MP: 10/17
  6155 | Bailey   | Reached XP level 11. HP: 97/97 MP: 10/18
  6277 | Bailey   | Killed an orc knight
  6318 | Bailey   | Reached skill level 7 in Armour
  6563 | D:7      | Reached skill level 7 in Fighting
  6603 | D:7      | Noticed Duvessa
  6626 | D:7      | Killed Duvessa
  6627 | D:7      | Noticed Dowan
  6630 | D:7      | Killed Dowan
  6898 | D:1      | Bought the +10 long sword of Internal Strife {heavy, Fly
                  | rPois Str+2} for 1033 gold pieces
  7013 | D:6      | Killed Grinder
  7837 | D:8      | Reached skill level 5 in Spellcasting
  7886 | D:8      | Found a sparkling altar of Nemelex Xobeh.
  8269 | D:9      | Noticed Erolcha
  8276 | D:9      | Killed Erolcha
  8277 | D:9      | Reached skill level 1 in Shields
  8548 | D:9      | Noticed Maggie
  8560 | D:9      | Killed Maggie
  8640 | D:9      | Noticed Joseph
  8646 | D:9      | Killed Joseph
  8647 | D:9      | Reached skill level 6 in Throwing
  8647 | D:9      | Reached skill level 2 in Shields
  8711 | D:9      | Found a snail-covered altar of Cheibriados.
  9146 | D:10     | Entered Level 10 of the Dungeon
  9146 | D:10     | Noticed a two-headed ogre
  9151 | D:10     | Killed a two-headed ogre
  9152 | D:10     | Reached XP level 12. HP: 83/107 MP: 18/20
  9564 | D:10     | Noticed Erica
  9584 | D:10     | Killed Erica
  9585 | D:10     | Reached skill level 8 in Armour
  9662 | D:10     | Found a staircase to the Orcish Mines.
  9673 | D:10     | Reached skill level 3 in Shields
  9848 | D:11     | Noticed Urug
  9856 | D:11     | Killed Urug
  9857 | D:11     | Reached skill level 13 in Long Blades
  9943 | D:11     | Found a staircase to the Lair.
 10059 | D:11     | Identified the +4 ring mail of Charity {Str+2 Slay+3}
 10398 | D:11     | Gained mutation: You occasionally lose the ability to read
                  | scrolls when taking damage. [a neqoxec]
 10399 | D:11     | Noticed a two-headed ogre
 10410 | D:11     | Killed a two-headed ogre
 10469 | D:11     | Found a gateway to a bazaar.
 10474 | D:11     | Reached skill level 8 in Fighting
 10813 | Bazaar   | Entered a bazaar
 10813 | Bazaar   | Found Uphyp Gofy's Distillery.
 10813 | Bazaar   | Found Kuewerot's Weapon Shoppe.
 10815 | Bazaar   | Found Coumicw's Antique Weapon Shop.
 10815 | Bazaar   | Found Woxuqol's Assorted Antiques.
 10874 | Bazaar   | Bought a wand of iceblast (5) for 276 gold pieces
 10874 | Bazaar   | Bought a scroll of identify for 46 gold pieces
 10879 | Bazaar   | Bought a fading falchion for 232 gold pieces
 10879 | Bazaar   | Identified the +5 falchion "Egg" {speed, Contam rF- Will+++
                  | rCorr Str+7} (You bought it in a shop in a bazaar)
 10882 | Bazaar   | Bought a potion of enlightenment for 50 gold pieces
 10882 | Bazaar   | Bought a potion of might for 40 gold pieces
 10882 | Bazaar   | Bought a potion of haste for 100 gold pieces
 10882 | Bazaar   | Bought a potion of curing for 30 gold pieces
 10882 | Bazaar   | Bought a potion of invisibility for 80 gold pieces
 10882 | Bazaar   | Bought 2 potions of brilliance for 80 gold pieces
 10897 | D:11     | Lost mutation: You occasionally lose the ability to read
                  | scrolls when taking damage. [potion of mutation]
 10897 | D:11     | Gained mutation: Your mind is acute. (Int +4, Str/Dex -1)
                  | [potion of mutation]
 10897 | D:11     | Gained mutation: Your mind is very acute. (Int +8, Str/Dex
                  | -2) [potion of mutation]
 10897 | D:11     | Gained mutation: You are covered in fur. (AC +1) [potion of
                  | mutation]
 10933 | Lair:1   | Entered Level 1 of the Lair of Beasts
 10974 | Lair:1   | Reached skill level 4 in Shields
 11000 | Lair:1   | Reached skill level 6 in Spellcasting
 11084 | Lair:1   | Learned a level 3 spell: Vhi's Electric Charge
 11370 | Lair:1   | Reached skill level 7 in Throwing
 11646 | Lair:1   | Reached skill level 1 in Translocations
 11800 | Lair:2   | Reached skill level 1 in Air Magic
 11898 | Lair:2   | Reached XP level 13. HP: 114/114 MP: 22/22
 11953 | Lair:2   | Reached skill level 9 in Armour
 12410 | Lair:2   | Found a blossoming altar of Fedhas.
 13014 | Lair:3   | Reached skill level 2 in Translocations
 13063 | Lair:3   | Noticed Snorg
 13085 | Lair:3   | Killed Snorg
 13086 | Lair:3   | Reached skill level 2 in Air Magic
 13116 | Lair:3   | Found a staircase to the Snake Pit.
 13128 | Lair:3   | Reached skill level 5 in Shields
 13140 | Lair:3   | HP: 11/172 [black mamba (11)]
 13141 | Lair:3   | Succumbed to a black mamba's poison

Vanquished Creatures
  Snorg (Lair:3)
  Erica (D:10)
  2 two-headed ogres
  Urug (D:11)
  An orc knight (Bailey)
  An obsidian statue (D:11)
  An oklob plant (Lair:2)
  A manticore (D:11)
  3 black mambas
  Joseph (D:9)
  2 cane toads (Lair:1)
  Maggie (D:9)
  An unseen horror (D:11)
  A kobold demonologist (D:9)
  5 komodo dragons
  A troll (D:11)
  6 polar bears (Lair:2)
  14 blink frogs
  Grinder (D:6)
  12 yaks
  2 wyverns
  A shadow (D:11)
  2 basilisks
  A water elemental (D:11)
  4 steam dragons (D:9)
  Duvessa (D:7)
  6 water moccasins
  A swamp drake (D:10)
  12 orc warriors
  An ice beast (D:6)
  9 black bears
  2 ogres
  15 wolves
  5 centaurs
  2 phantoms
  3 kobold brigands
  5 bullfrogs
  3 scorpions
  A water moccasin zombie (Ossuary)
  3 wyvern zombies (Ossuary)
  5 wights
  Dowan (D:7)
  3 killer bees (D:8)
  A howler monkey (D:6)
  2 electric eels (D:11)
  A crimson imp (D:9)
  2 hounds (D:11)
  2 centaur zombies (Ossuary)
  3 bullfrog zombies (Ossuary)
  A jelly (D:5)
  A sleepcap (D:6)
  2 gnoll boudas
  7 orc priests
  15 orc wizards
  2 killer bee zombies (Ossuary)
  20 mummies (Ossuary)
  2 howler monkey zombies (Ossuary)
  9 adders
  8 gnolls
  A river rat (Sewer)
  A shadow imp (D:6)
  3 white imps
  An ufetubus (D:4)
  2 worms
  4 dart slugs
  59 orcs
  7 endoplasms
  2 giant cockroaches (D:6)
  5 goblins
  5 hobgoblins
  7 jackals
  9 kobolds
  3 quokkas
  2 ball pythons
  6 bats
  9 frilled lizards
  13 rats
362 creatures vanquished.

Vanquished Creatures (collateral kills)
  Erolcha (D:9)
  A hornet (D:9)
  A centaur (D:9)
  An orc priest (D:9)
  3 orcs (D:9)
7 creatures vanquished.

Grand Total: 369 creatures vanquished

Table legend: (Time is in decaauts)
 A = Elapsed time spent in this place.
 B = Non-inter-level travel time spent in this place.
 C = Inter-level travel time spent in this place.
 D = Time resting spent in this place.
 E = Time spent auto-exploring this place.
 F = Levels seen in this place.
 G = Mean time per level.
                   A        B        C        D        E       F      G
               +--------+--------+--------+--------+--------+-----+--------+
         Total |  13404 |  12698 |    706 |   1173 |   8406 |  19 |  705.5 |
       Dungeon |   9016 |   8384 |    632 |    535 |   5968 |  11 |  819.6 |
        Temple |     45 |     27 |     18 |      0 |      5 |   1 |   45.0 |
          Lair |   2226 |   2170 |     56 |      2 |   1743 |   3 |  742.0 |
        Bazaar |     75 |     75 |      0 |      0 |     50 |   1 |   75.0 |
         Sewer |    166 |    166 |      0 |      0 |    103 |   1 |  166.0 |
       Ossuary |   1226 |   1226 |      0 |    572 |    301 |   1 | 1226.0 |
        Bailey |    647 |    647 |      0 |     64 |    236 |   1 |  647.0 |
               +--------+--------+--------+--------+--------+-----+--------+

Top non-repeatable levels by time:
 Ossuary: 1226 daAuts
  Lair:2: 1107 daAuts
     D:1: 987 daAuts
    D:11: 948 daAuts
     D:4: 947 daAuts
     D:9: 901 daAuts
  Lair:1: 864 daAuts
     D:6: 862 daAuts
     D:8: 841 daAuts
     D:5: 832 daAuts
    D:10: 784 daAuts
     D:3: 683 daAuts
  Bailey: 647 daAuts
     D:2: 630 daAuts
     D:7: 597 daAuts

Table legend:
 A = Non-vault XP
 B = Vault XP
 C = Vault XP percentage of total XP
 D = Non-vault monster count
 E = Vault monster count
 F = Vault count percentage of total count
                 A         B        C        D         E       F
            +---------+---------+-------+---------+---------+-------
      Total |   20056 |   15540 |  43.7 |     217 |     152 |  41.2
            +---------+---------+-------+---------+---------+-------
        D:1 |      18 |       0 |   0.0 |      11 |       0 |   0.0
        D:2 |      65 |       2 |   3.0 |      15 |       2 |  11.8
        D:3 |     184 |       0 |   0.0 |      21 |       0 |   0.0
        D:4 |     284 |       0 |   0.0 |      21 |       0 |   0.0
        D:5 |     501 |       0 |   0.0 |       7 |       0 |   0.0
        D:6 |     523 |     275 |  34.5 |      11 |       7 |  38.9
        D:7 |     288 |     222 |  43.5 |      12 |       2 |  14.3
        D:8 |     668 |     442 |  39.8 |      25 |      10 |  28.6
        D:9 |    1877 |    2337 |  55.5 |      20 |       9 |  31.0
       D:10 |    2689 |    1401 |  34.3 |      16 |      18 |  52.9
       D:11 |    3054 |    2436 |  44.4 |      14 |      10 |  41.7
     Lair:1 |    4734 |     928 |  16.4 |      21 |       4 |  16.0
     Lair:2 |    2584 |    2683 |  50.9 |      12 |      13 |  52.0
     Lair:3 |    2587 |    1876 |  42.0 |      11 |       3 |  21.4
      Sewer |       0 |     226 | 100.0 |       0 |      13 | 100.0
    Ossuary |       0 |    1189 | 100.0 |       0 |      33 | 100.0
     Bailey |       0 |    1523 | 100.0 |       0 |      28 | 100.0
            +---------+---------+-------+---------+---------+-------
